 Dungeon Crawl Stone Soup version 0.16.2-12-gd0ad4c3 (webtiles) character file.

139715 faibistes the Eclecticist (level 16, 0/93 HPs)
             Began as a Deep Elf Wizard on Feb 24, 2018.
             Was the Champion of Sif Muna.
             Slain by a merfolk impaler
             ... wielding a +3 trident of protection
              (12 damage)
             ... on level 3 of the Shoals on Feb 25, 2018.
             The game lasted 02:41:50 (49756 turns).

faibistes the Eclecticist (Deep Elf Wizard)        Turns: 49756, Time: 02:41:50

Health: 0/93       AC: 16    Str:  4    XL:     16   Next: 74%
Magic:  35/41      EV: 18    Int: 36    God:    Sif Muna [******]
Gold:   2165       SH:  0    Dex: 13    Spells: 13 memorised, 2 levels left

rFire  . . .     SeeInvis .     w - +3 dagger (venom)
rCold  . . .     Clarity  +     s - +2 robe {Archmagi}
rNeg   . . .     SustAb   .     (no shield)
rPois  +         Gourm    .     p - +2 helmet
rElec  .         Spirit   .     A - +2 cloak
rCorr  .         Warding  .     Z - +2 pair of gloves
rMut   .         Stasis   .     X - +2 pair of boots {Fly}
MR     ++...                    J - amulet of clarity
Stlth  ++........               z - ring of protection from magic
                                U - +5 ring of intelligence

@: flying, repel missiles, very resistant to hostile enchantments, unstealthy
A: poison resistance
a: Channel Energy, Forget Spell, Renounce Religion, Stop Flying


You were on level 3 of the Shoals.
You worshipped Sif Muna.
Sif Muna was exalted by your worship.
You were not hungry.

You visited 6 branches of the dungeon, and saw 30 of its levels.

You collected 3017 gold pieces.
You spent 852 gold pieces at shops.

Inventory:

Hand weapons
 w - a +3 dagger of venom (weapon)
 Q - a +3 dagger of speed
Missiles
 q - 15 stones (quivered)
Armour
 p - a +2 helmet (worn)
 s - a +2 robe of the Archmagi (worn)
 A - a +2 cloak (worn)
 R - a +1 pair of boots of running
 X - a +2 pair of boots of flying (worn)
 Z - a +2 pair of gloves (worn)
Magical staves
 I - an uncursed staff of death
 N - an uncursed staff of cold
Rods
 j - a +0 rod of the swarm (13/13)
   (You took it off a spriggan on level 8 of the Lair of Beasts)
Jewellery
 h - an uncursed ring of ice
 z - a ring of protection from magic (right hand)
 J - an amulet of clarity (around neck)
 U - a +5 ring of intelligence (left hand)
Magical devices
 g - a wand of cold (8)
 t - a wand of fire (9)
 u - a wand of polymorph (11)
 D - a wand of lightning (8)
 K - a wand of fire (7)
 P - a wand of cold (4)
 T - a wand of digging (9)
 V - a wand of disintegration (19)
 W - a wand of paralysis (13)
Scrolls
 k - 5 scrolls of teleportation
 n - 3 scrolls of immolation
 v - 4 scrolls of remove curse
 x - 5 scrolls of fear
 y - 4 scrolls of blinking
 B - a scroll of amnesia
 F - 9 scrolls of identify
 L - 2 scrolls of recharging
 M - 3 scrolls of magic mapping
 S - a scroll of fog
Potions
 a - 5 potions of curing
 e - 2 potions of brilliance
 f - a potion of resistance
 i - 2 potions of invisibility
 l - 3 potions of heal wounds
 o - 2 potions of magic
 r - 3 potions of ambrosia
 H - a potion of cancellation
 Y - 2 potions of restore abilities
Books
 c - Straiptee's Volume of Dislocation
   (Sif Muna gifted it to you on level 1 of the Shoals)

   Spells                             Type                      Level
   a - Shroud of Golubria             Charms/Translocation         2
   b - Recall                         Summoning/Translocation      3
   c - Portal Projectile              Translocation                3
   d - Warp Weapon                    Charms/Translocation         5
   e - Summon Forest                  Summoning/Translocation      5
Miscellaneous
 b - a phial of floods
 O - a lamp of fire
Comestibles
 d - 9 bread rations
 m - 15 fruits
 C - 3 royal jellies
 E - 4 meat rations
 G - 3 chunks of flesh


   Skills:
 + Level 8.1 Fighting
 - Level 10.3 Dodging
 - Level 2.4 Stealth
 * Level 17.9 Spellcasting
 * Level 12.2 Conjurations
 - Level 7.0 Charms
 - Level 3.7 Summonings
 * Level 9.4 Translocations
 - Level 3.1 Transmutations
 + Level 12.5 Fire Magic
 - Level 5.4 Air Magic
 * Level 8.1 Earth Magic
 - Level 2.5 Poison Magic
 - Level 10.0 Invocations
 - Level 9.3 Evocations


You had 2 spell levels left.
You knew the following spells:

 Your Spells              Type           Power        Failure   Level  Hunger
a - Magic Dart            Conj           ####         0%          1    None
b - Conjure Flame         Conj/Fire      ########     1%          3    None
c - Summon Forest         Summ/Tloc      #######...   1%          5    None
d - Blink                 Tloc           N/A          1%          2    None
e - Mephitic Cloud        Conj/Pois/Air  #######.     1%          3    None
f - Repel Missiles        Chrm/Air       ######       1%          2    None
g - Airstrike             Air            #######...   1%          4    None
i - Passwall              Trmt/Erth      #######...   1%          3    None
j - Bolt of Magma         Conj/Fire/Erth ########..   1%          5    None
l - Lee's Rapid Deconstr  Erth           #######...   1%          5    None
v - Bolt of Fire          Conj/Fire      ########..   1%          6    None
x - Force Lance           Conj/Tloc      ########     1%          4    None
z - Fireball              Conj/Fire      ########..   1%          5    None


Dungeon Overview and Level Annotations

Branches:
Dungeon (11/15)            Temple (1/1) D:6            Lair (8/8) D:8
 Shoals (4/5) Lair:6        Snake (0/5) Lair:4        Slime (0/6) Lair:8
    Orc (4/4) D:9             Elf (2/3) Orc:3

Altars:
Ashenzari
Cheibriados
Dithmenos
Elyvilon
Fedhas
Gozag
Kikubaaqudgha
Makhleb
Nemelex Xobeh
Okawaru
Qazlal
Ru
Sif Muna
Trog
Vehumet
Xom
Yredelemnul
Zin
The Shining One
Beogh
Jiyva

Shops:
D:6 [   Orc:2 *   Orc:4 ([=

Annotations:
D:4 1 runed door
Shoals:3 Aizul, Ilsuiw


Innate Abilities, Weirdness & Mutations

Your system is resistant to poisons.


Message History

The fireball engulfs the plant.
The plant is heavily damaged.
The fireball engulfs the merfolk.
The merfolk is severely wounded.
The fireball engulfs the merfolk impaler.
The merfolk impaler is heavily wounded.
You hear an angry hiss.
You hear a shout!
You hear a shout!
The merfolk impaler is engulfed in a cloud of scalding steam.
The merfolk is engulfed in a cloud of scalding steam.
The merfolk impaler hits you from afar with a trident of protection!!
The merfolk is engulfed in a cloud of scalding steam.
The merfolk throws a throwing net.
The throwing net is repelled.
You hear a splash.
Aizul the Neglectful Guardian comes into view.
You see here a throwing net.
The merfolk impaler hits you from afar with a trident of protection!
The merfolk hits you from afar with a trident!!
* * * LOW HITPOINT WARNING * * *
The merfolk impaler hits you from afar with a trident of protection!
You die...

≈≈≈...P..PP≈≈≈P≈≈≈≈
≈≈≈≈≈.....P<≈≈≈≈≈≈≈≈≈
≈≈≈≈≈..P##..P≈≈≈≈≈≈≈≈≈
≈≈≈≈P...###.≈≈≈≈≈≈≈≈≈≈≈
..≈≈...≈≈..≈≈≈≈≈≈≈≈≈≈≈≈≈
≈≈≈≈...≈≈≈≈>)≈≈≈≈≈≈≈≈≈≈≈
≈≈≈≈≈≈.P≈≈≈≈§§≈≈≈≈≈≈≈≈≈≈
≈≈≈≈≈≈..≈≈≈≈§P≈≈≈≈?≈≈≈≈≈≈
≈≈≈≈≈≈≈≈≈≈≈§≈§m≈@≈≈≈≈≈≈≈≈
≈≈≈....≈≈≈≈≈≈≈m≈(≈≈≈≈≈≈≈≈
≈≈......≈≈≈≈≈≈≈≈≈≈≈≈≈)≈≈≈
≈≈......≈≈≈≈≈≈≈≈≈≈≈....≈
≈≈..###.≈≈≈≈≈≈≈≈≈≈..##..
≈≈.. #.≈≈≈≈≈≈≈≈...## .
≈.. ..≈≈≈≈≈≈≈≈≈S##
..≈..≈≈≈≈≈≈.# .....≈≈≈(.


You could see Aizul, a merfolk impaler and a merfolk.

Vanquished Creatures
  A deep elf blademaster (Elf:1)
  A kraken (Shoals:2)
  Donald (Orc:3)
  An orc warlord (Orc:4)
  Snorg (Elf:1)
  3 merfolk impalers
  Fannar (Orc:2)
  2 merfolk avatars
  12 hydras
  A centaur warrior (Shoals:1)
  A merfolk aquamancer (Shoals:1)
  9 death yaks
  16 dancing weapons (Elf:2)
  A satyr (Shoals:4)
  4 orc high priests (Orc:4)
  Nergalle (Lair:8)
  16 deep elf knights
  A hill giant (D:10)
  4 sea snakes
  6 deep elf summoners
  Erolcha (Orc:3)
  5 orc knights
  A harpy (Shoals:2)
  A water nymph (Shoals:1)
  7 deep elf conjurers
  An oklob plant (Lair:7)
  11 fauns
  3 griffons
  5 manticores
  6 orc sorcerers
  23 elephants
  A centaur zombie (D:9)
  2 cyclopes
  3 sirens
  2 black mambas
  A torpor snail (Lair:8)
  16 spiny frogs
  A centaur skeleton (D:10)
  5 komodo dragons
  A yaktaur (Shoals:1)
  A demonic crawler (Elf:1)
  4 red devils (Elf:2)
  A jumping spider (Elf:1)
  4 fire drakes
  8 deep elf priests
  3 trolls
  A spriggan druid (Lair:8)
  8 polar bears
  10 merfolk
  A wind drake (Shoals:3)
  A slime creature (D:9)
  A raven (shapeshifter) (Elf:2)
  8 blink frogs
  5 snapping turtles
  A wraith (D:8)
  11 redbacks
  4 water elementals
  3 basilisks
  2 hungry ghosts (D:9)
  60 yaks
  A hill giant zombie (D:9)
  Eustachio (D:4)
  10 spriggans (Lair:8)
  A wyvern (Lair:6)
  20 deep elf magi
  2 wargs
  7 hippogriffs
  21 deep elf fighters
  37 wolves
  2 nagas (Lair:4)
  12 water moccasins
  11 porcupines
  2 eyes of draining (D:4)
  4 ice beasts
  4 necrophages
  3 phantoms
  A sky beast (D:9)
  6 black bears
  A boring beetle (Lair:3)
  8 centaurs
  3 wasps (Lair:8)
  16 ogres
  28 orc warriors
  Sigmund (D:4)
  20 crocodiles
  A gnoll sergeant (D:7)
  A wyvern zombie (D:6)
  2 big kobolds
  20 giant frogs
  2 scorpions
  3 jellies
  2 goliath beetles
  A quasit (D:8)
  4 electric eels
  6 crimson imps
  12 killer bees
  A human zombie (D:4)
  10 hounds
  32 orc priests
  Crazy Yiuf (D:3)
  A gnoll shaman (D:4)
  2 iguanas (Lair:1)
  A spectral orc (Lair:8)
  2 hell rats (Elf:1)
  42 orc wizards
  9 worker ants
  4 killer bee zombies (D:8)
  7 ogre zombies (D:9)
  31 sheep
  2 worker ant zombies
  A mummy (D:8)
  Robin (D:2)
  25 adders
  19 gnolls
  23 river rats
  2 giant mites
  2 shadow imps
  4 worms
  2 adder skeletons (D:6)
  An adder zombie (D:6)
  6 giant geckos
  An ooze (D:3)
  189 orcs
  19 bats
  2 bat zombies
  6 giant cockroaches
  33 goblins
  22 hobgoblins
  7 jackals
  17 quokkas
  5 giant newts
  5 goblin skeletons (D:9)
  A goblin zombie (D:9)
  2 hobgoblin skeletons (D:9)
  A hobgoblin zombie (D:9)
  26 kobolds
  A kobold zombie (D:4)
  5 orc skeletons
  15 orc zombies
  A quokka zombie (D:6)
  17 rats
  2 ballistomycetes (D:7)
  2 bushes
  8 fungi (Lair:8)
  A plant (Lair:8)
1211 creatures vanquished.

Vanquished Creatures (collateral kills)
  An ogre (D:5)
  2 killer bees (D:8)
  A jackal (D:5)
  A kobold (D:4)
  A rat (D:4)
6 creatures vanquished.

Vanquished Creatures (others)
  A hound skeleton (D:4)
  2 goblins (D:4)
  A hobgoblin (D:4)
  2 giant spores (D:7)
  A kobold (D:4)
  A ballistomycete (D:7)
  48 fungi
  28 plants
  8 tentacles (Shoals:2)
  16 tentacle segments (Shoals:2)
108 creatures vanquished.

Grand Total: 1325 creatures vanquished

Notes
Turn   | Place    | Note
--------------------------------------------------------------
     0 | D:1      | faibistes, the Deep Elf Wizard, began the quest for the Orb.
     0 | D:1      | Reached XP level 1. HP: 10/10 MP: 6/6
   373 | D:1      | Reached XP level 2. HP: 15/15 MP: 7/9
   377 | D:1      | Learned a level 2 spell: Blink
   380 | D:1      | Learned a level 2 spell: Call Imp
  1078 | D:2      | Reached XP level 3. HP: 19/19 MP: 0/13
  1088 | D:2      | Learned a level 3 spell: Conjure Flame
  1092 | D:2      | Learned a level 3 spell: Mephitic Cloud
  1241 | D:2      | Reached skill level 5 in Spellcasting
  1443 | D:2      | Noticed Robin
  1650 | D:2      | Reached XP level 4. HP: 24/24 MP: 14/17
  1654 | D:2      | Learned a level 2 spell: Repel Missiles
  1743 | D:2      | Killed Robin
  2110 | D:2      | Found a glowing silver altar of Zin.
  2110 | D:2      | Found a burning altar of Makhleb.
  2117 | D:2      | Noticed an angel
  2120 | D:2      | Noticed a cacodemon
  2172 | D:2      | Found a basalt altar of Yredelemnul.
  2172 | D:2      | Found a radiant altar of Vehumet.
  2287 | D:2      | Found a sparkling altar of Nemelex Xobeh.
  2539 | D:3      | Reached XP level 5. HP: 28/28 MP: 16/20
  2989 | D:3      | Noticed Crazy Yiuf
  2999 | D:3      | Killed Crazy Yiuf
  2999 | D:3      | Reached skill level 6 in Spellcasting
  3263 | D:4      | Noticed Sigmund
  3279 | D:4      | Killed Sigmund
  3279 | D:4      | Reached XP level 6. HP: 21/32 MP: 9/22
  3576 | D:4      | Found a bloodstained altar of Trog.
  3576 | D:4      | Noticed an eye of draining
  3576 | D:4      | Noticed an eye of draining
  3595 | D:4      | Noticed an ogre
  3642 | D:4      | Killed an ogre
  3822 | D:4      | Reached skill level 7 in Spellcasting
  3902 | D:4      | Noticed a phantom
  3926 | D:4      | Killed a phantom
  3926 | D:4      | Reached XP level 7. HP: 36/36 MP: 13/25
  4079 | D:5      | Entered Level 5 of the Dungeon
  4139 | D:4      | Noticed Eustachio
  4162 | D:4      | Noticed an ogre
  4197 | D:4      | Killed an ogre
  4197 | D:4      | Reached skill level 1 in Fighting
  4197 | D:4      | Reached skill level 1 in Evocations
  4834 | D:4      | Reached skill level 5 in Dodging
  4834 | D:4      | Reached skill level 8 in Spellcasting
  4960 | D:4      | Found a shimmering altar of Xom.
  5128 | D:4      | Killed an eye of draining
  5198 | D:4      | Killed an eye of draining
  5339 | D:4      | Reached XP level 8. HP: 45/45 MP: 15/27
  5618 | D:4      | Found a shadowy altar of Dithmenos.
  5919 | D:4      | Noticed a human
  5920 | D:4      | Found a runed door.
  5921 | D:4      | Found a basalt altar of Yredelemnul.
  5933 | D:4      | Reached skill level 9 in Spellcasting
  6183 | D:4      | Killed Eustachio
  7373 | D:5      | Found a snail-covered altar of Cheibriados.
  7751 | D:6      | Learned a level 4 spell: Sticky Flame
  7757 | D:6      | Learned a level 5 spell: Fireball
  8016 | D:7      | Reached skill level 10 in Spellcasting
  8270 | D:6      | Found Cruurig's Antique Armour Boutique.
  8278 | D:6      | Bought a pair of faintly glowing gloves for 161 gold pieces
  8283 | D:6      | Identified the +1 pair of gloves of Perpetual Drought {rPois rF+ rC- Dex+4} (You bought it in a shop on level 6 of the Dungeon)
  8342 | D:6      | Found a staircase to the Ecumenical Temple.
  8350 | Temple   | Entered the Ecumenical Temple
  8381 | Temple   | Became a worshipper of Sif Muna the Loreminder
  8779 | D:7      | Reached skill level 1 in Fire Magic
  8779 | D:7      | Reached skill level 1 in Air Magic
  8782 | D:7      | Reached XP level 9. HP: 36/52 MP: 16/30
  9312 | D:8      | Acquired Sif Muna's first power
  9324 | D:8      | Reached skill level 1 in Poison Magic
  9467 | D:8      | Reached skill level 5 in Conjurations
  9501 | D:8      | Found a shattered altar of Ashenzari.
  9979 | D:6      | Found a blossoming altar of Fedhas.
 10345 | D:6      | Reached skill level 11 in Spellcasting
 10351 | D:6      | Acquired Sif Muna's second power
 10981 | D:7      | Found an ancient bone altar of Kikubaaqudgha.
 10981 | D:7      | Found a blossoming altar of Fedhas.
 11185 | D:8      | Found a staircase to the Lair.
 11208 | D:8      | Reached XP level 10. HP: 56/56 MP: 21/32
 11858 | D:10     | Entered Level 10 of the Dungeon
 12033 | D:10     | Noticed a hill giant
 12308 | Lair:1   | Entered Level 1 of the Lair of Beasts
 12374 | Lair:1   | Reached skill level 1 in Charms
 12435 | Lair:2   | Noticed a six-headed hydra
 12691 | Lair:1   | Reached skill level 1 in Invocations
 12851 | Lair:1   | Noticed a six-headed hydra
 12852 | Lair:1   | Noticed a five-headed hydra
 12860 | Lair:1   | Killed a six-headed hydra
 12860 | Lair:1   | Reached skill level 5 in Fire Magic
 12880 | Lair:1   | Killed a five-headed hydra
 12880 | Lair:1   | Acquired Sif Muna's third power
 12880 | Lair:1   | Reached skill level 12 in Spellcasting
 13702 | Lair:1   | Reached XP level 11. HP: 60/62 MP: 32/34
 13973 | Lair:2   | Noticed a black mamba
 13987 | Lair:2   | Killed a black mamba
 14018 | Lair:2   | Noticed a seven-headed hydra
 14065 | Lair:2   | Killed a seven-headed hydra
 14199 | Lair:2   | Learned a level 5 spell: Lightning Bolt
 14524 | Lair:2   | Learned a level 2 spell: Swiftness
 14639 | Lair:2   | Killed a six-headed hydra
 15356 | Lair:2   | Reached skill level 5 in Evocations
 16402 | Lair:3   | Reached skill level 5 in Fighting
 16406 | Lair:3   | Reached skill level 5 in Invocations
 16720 | Lair:3   | Reached skill level 5 in Air Magic
 16731 | Lair:3   | Reached skill level 5 in Translocations
 16734 | Lair:3   | Reached XP level 12. HP: 64/68 MP: 11/35
 16929 | Lair:3   | Reached skill level 13 in Spellcasting
 17420 | Lair:4   | Found a staircase to the Snake Pit.
 17717 | Lair:4   | Reached skill level 5 in Charms
 17872 | Lair:4   | Noticed a five-headed hydra
 17890 | Lair:4   | Killed a five-headed hydra
 18218 | Lair:5   | Gained mutation: Your system is resistant to poisons. [potion of beneficial mutation]
 18298 | Lair:5   | Noticed a seven-headed hydra
 18309 | Lair:5   | Killed a seven-headed hydra
 18309 | Lair:5   | Received a gift from Sif Muna
 18310 | Lair:5   | Identified Lehudib's Handbook of Conjuration (Sif Muna gifted it to you on level 5 of the Lair of Beasts)
 18462 | Lair:6   | Noticed a five-headed hydra
 18468 | Lair:6   | Killed a five-headed hydra
 20553 | Lair:6   | Reached XP level 13. HP: 49/74 MP: 6/36
 20997 | Lair:6   | Found a staircase to the Shoals.
 21862 | Lair:7   | Reached skill level 14 in Spellcasting
 21938 | Lair:8   | Entered Level 8 of the Lair of Beasts
 21941 | Lair:8   | Received a gift from Sif Muna
 21942 | Lair:8   | Identified Scheig's Almanac of Weightlessness (Sif Muna gifted it to you on level 8 of the Lair of Beasts)
 21948 | Lair:8   | Learned a level 4 spell: Airstrike
 22827 | Lair:7   | Noticed a four-headed hydra
 22843 | Lair:7   | Killed a four-headed hydra
 23354 | Lair:7   | Noticed a five-headed hydra
 23364 | Lair:7   | Noticed a four-headed hydra
 23377 | Lair:7   | Killed a four-headed hydra
 23558 | Lair:7   | Killed a five-headed hydra
 23558 | Lair:7   | Reached skill level 10 in Dodging
 25197 | Lair:8   | Found a viscous altar of Jiyva.
 25198 | Lair:8   | Found a staircase to the Slime Pits.
 25450 | Lair:8   | Noticed Nergalle
 25462 | Lair:8   | Killed Nergalle
 25462 | Lair:8   | Reached XP level 14. HP: 68/80 MP: 13/38
 26941 | Lair:8   | Reached skill level 10 in Fire Magic
 27190 | Lair:7   | Received a gift from Sif Muna
 27191 | Lair:7   | Identified Sif Muna's Catalogue of Calling (Sif Muna gifted it to you on level 7 of the Lair of Beasts)
 27455 | Lair:7   | Reached skill level 15 in Spellcasting
 27511 | Lair:8   | Reached skill level 10 in Conjurations
 28219 | Lair:8   | Identified a +0 rod of the swarm (3/13) (You took it off a spriggan on level 8 of the Lair of Beasts)
 29662 | D:10     | Killed a hill giant
 31111 | D:9      | Found a staircase to the Orcish Mines.
 31663 | Orc:1    | Entered Level 1 of the Orcish Mines
 31955 | Orc:2    | Noticed Fannar
 32278 | Orc:2    | Killed Fannar
 32491 | Orc:3    | Found a staircase to the Elven Halls.
 32491 | Orc:3    | Noticed Erolcha
 32494 | Orc:3    | Killed Erolcha
 32770 | Orc:4    | Entered Level 4 of the Orcish Mines
 34084 | Orc:2    | Found a roughly hewn altar of Beogh.
 34450 | Orc:2    | Found Puben's Assorted Antiques.
 34526 | Orc:2    | Bought a scroll of blinking for 202 gold pieces
 34526 | Orc:2    | Bought a scroll labeled JEUCEA NAAH for 27 gold pieces
 34526 | Orc:2    | Bought a short gold wand for 108 gold pieces
 36191 | Orc:4    | Noticed Donald
 36274 | Orc:3    | Killed Donald
 36274 | Orc:3    | Reached skill level 10 in Invocations
 36493 | Orc:4    | Reached XP level 15. HP: 86/86 MP: 20/39
 36625 | Orc:4    | Found a roughly hewn altar of Beogh.
 37420 | Orc:4    | Noticed an orc warlord
 37911 | Orc:4    | Killed an orc warlord
 37911 | Orc:4    | Received a gift from Sif Muna
 37912 | Orc:4    | Identified Sif Muna's Papyrus of Blistering Arcane Weapons (Sif Muna gifted it to you on level 4 of the Orcish Mines)
 37924 | Orc:4    | Learned a level 6 spell: Bolt of Fire
 38046 | Orc:4    | Learned a level 5 spell: Bolt of Magma
 38082 | Orc:4    | Reached skill level 1 in Earth Magic
 38435 | Orc:4    | Reached skill level 16 in Spellcasting
 39183 | Orc:4    | Found Kluseoth's General Store.
 39184 | Orc:4    | Found Stresel's Jewellery Boutique.
 39185 | Orc:4    | Found Utitierr's Antique Armour Shop.
 39185 | Orc:4    | Found Wymanniz's Antique Weapon Shop.
 39189 | Orc:4    | Bought a pair of embroidered gloves for 130 gold pieces
 39349 | Orc:4    | Bought a pair of runed boots for 130 gold pieces
 39363 | Orc:4    | Identified a +1 pair of boots of running (You bought it in a shop on level 4 of the Orcish Mines)
 39679 | Elf:1    | Entered Level 1 of the Elven Halls
 40249 | Elf:1    | Noticed Snorg
 40253 | Elf:1    | Killed Snorg
 41203 | Elf:1    | Noticed a deep elf blademaster
 41213 | Elf:1    | Killed a deep elf blademaster
 41660 | Elf:1    | Identified a scroll of acquirement
 41762 | Orc:2    | Bought a scroll of amnesia for 94 gold pieces
 41769 | Orc:2    | Learned a level 5 spell: Lee's Rapid Deconstruction
 41773 | Orc:2    | Learned a level 3 spell: Passwall
 42148 | Elf:1    | Reached skill level 1 in Transmutations
 42603 | Elf:1    | Reached skill level 5 in Earth Magic
 42786 | Elf:2    | Received a gift from Sif Muna
 42787 | Elf:2    | Identified Sif Muna's Compendium of the Compass (Sif Muna gifted it to you on level 2 of the Elven Halls)
 43350 | Elf:2    | Found a huge runed gate.
 43350 | Elf:2    | Found a huge runed gate.
 43352 | Elf:2    | Found a huge runed gate.
 43352 | Elf:2    | Found a huge runed gate.
 43352 | Elf:2    | Found a huge runed gate.
 43443 | Elf:2    | Learned a level 4 spell: Force Lance
 44722 | Elf:2    | Reached XP level 16. HP: 27/92 MP: 30/41
 45418 | Elf:2    | Reached skill level 17 in Spellcasting
 46246 | Shoals:1 | Entered Level 1 of the Shoals
 46249 | Shoals:1 | Received a gift from Sif Muna
 46265 | Shoals:1 | Identified Straiptee's Volume of Dislocation (Sif Muna gifted it to you on level 1 of the Shoals)
 46385 | Lair:6   | Learned a level 5 spell: Summon Forest
 48711 | Shoals:3 | Noticed Ilsuiw
 49756 | Shoals:3 | Noticed Aizul
 49756 | Shoals:3 | Slain by a merfolk impaler

Action                   |  1- 3 |  4- 6 |  7- 9 | 10-12 | 13-15 | 16-18 || total
-------------------------+-------+-------+-------+-------+-------+-------++-------
Melee: Unarmed           |     1 |       |       |       |       |       ||     1
       Dagger            |     1 |    17 |   239 |   170 |   241 |       ||   668
 Cast: Magic Dart        |    98 |   149 |   428 |    47 |    20 |     2 ||   744
       Mephitic Cloud    |     1 |     8 |    50 |    19 |     6 |     1 ||    85
       Blink             |     1 |     3 |     1 |    18 |    21 |     4 ||    48
       Conjure Flame     |     1 |     5 |    18 |    64 |   108 |       ||   196
       Repel Missiles    |       |     2 |     2 |       |       |     1 ||     5
       Call Imp          |       |     1 |    10 |       |       |       ||    11
       Fireball          |       |       |    15 |    89 |   390 |    60 ||   554
       Sticky Flame      |       |       |     9 |    91 |   167 |       ||   267
       Lightning Bolt    |       |       |       |     7 |    53 |       ||    60
       Airstrike         |       |       |       |       |    22 |     5 ||    27
       Swiftness         |       |       |       |       |     2 |       ||     2
       Bolt of Fire      |       |       |       |       |    62 |    55 ||   117
       Lee's Rapid Decon |       |       |       |       |    24 |    22 ||    46
       Passwall          |       |       |       |       |     3 |       ||     3
       Bolt of Magma     |       |       |       |       |     2 |       ||     2
       Force Lance       |       |       |       |       |     1 |    10 ||    11
Invok: Channel Energy    |       |       |     3 |     8 |    45 |     8 ||    64
       Forget Spell      |       |       |       |       |     2 |     1 ||     3
Evoke: Wand              |       |       |    10 |     2 |       |       ||    12
  Use: Scroll            |       |     6 |    13 |     8 |    11 |     2 ||    40
       Potion            |       |       |       |     1 |     5 |     1 ||     7
 Stab: Confused          |       |       |     3 |     6 |       |       ||     9
  Eat: Chunk             |     2 |     7 |    19 |    34 |    72 |    13 ||   147
       Fruit             |       |       |     3 |     1 |     4 |     3 ||    11
       Royal jelly       |       |       |     1 |       |       |       ||     1
       Beef jerky        |       |       |       |       |     2 |       ||     2
       Pizza             |       |       |       |       |     1 |       ||     1
